 Dungeon Crawl Stone Soup version 0.30.1-9-gdf580d7c3d (webtiles) character file.

Game seed: 7041909757810850196

373 KittyFluff the Cudgeller (level 6, 0/39 HPs)
             Began as a Gargoyle Berserker on Oct 7, 2023.
             Was a Believer of Trog.
             Slain by an ice beast (12 damage)
             ... on level 5 of the Dungeon.
             The game lasted 00:11:16 (2768 turns).

KittyFluff the Cudgeller (Gargoyle Berserker)       Turns: 2768, Time: 00:11:17

Health: 0/39       AC: 12    Str: 22    XL:     6   Next: 72%
Magic:  0/6        EV: 17    Int:  8    God:    Trog [**....]
Gold:   254        SH:  0    Dex: 11    Spells: 5/5 levels left

rFire   . . .        a - +0 mace
rCold   . . .        (no shield)
rNeg    + . .        m - +3 leather armour "Oxkuur" {Dex+2}
rPois   ∞            p - +0 helmet
rElec   +            (no cloak)
rCorr   .            (no gloves)
SInv    .            (no boots)
Will    .....        b - amulet of guardian spirit
Stlth   +            n - +5 ring of evasion
HPRegen 0.26/turn    (no ring)
MPRegen 0.10/turn

%: guardian spirit
@: on berserk cooldown, slowed, very slow
A: sickness immunity, AC +4, negative energy resistance 1, electricity
resistance, torment resistance 1, petrification resistance
a: Renounce Religion, Berserk, Trog's Hand


You were on level 5 of the Dungeon.
You worshipped Trog.
Trog was pleased with you.
You visited 1 branch of the dungeon, and saw 5 of its levels.

You collected 254 gold pieces.

Inventory:

Hand Weapons
 a - a +0 mace (weapon)
 q - a +0 sling
Missiles
 v - a throwing net (quivered)
Armour
 m - the +3 leather armour "Oxkuur" (worn) {Dex+2}
   (You found it on level 2 of the Dungeon)

   Dex:       It affects your dexterity (+2).
 p - a +0 helmet (worn)
Jewellery
 b - an amulet of guardian spirit (around neck)
 j - a ring of fire
 n - a +5 ring of evasion (left hand)
 r - a ring of ice
Scrolls
 c - 5 scrolls of teleportation
 e - 2 scrolls of identify {unknown}
 i - a scroll of silence {unknown}
 k - a scroll of acquirement {unknown}
 o - a scroll of fog {unknown}
 s - a scroll of noise {unknown}
 t - a scroll of fear {unknown}
 u - a scroll of amnesia {unknown}
 w - a scroll of brand weapon {unknown}
Potions
 d - a potion of haste {unknown}
 f - a potion of mutation {unknown}
 g - 2 potions of berserk rage {unknown}
 h - 2 potions of lignification {unknown}
 l - a potion of brilliance {unknown}
 x - a potion of curing {unknown}


   Skills:
 + Level 4.4 Fighting
 * Level 4.8 Maces & Flails
 * Level 4.7 Armour
 + Level 2.6 Dodging


You had 5 spell levels left.
You didn't know any spells.
Your spell library was empty.

Dungeon Overview and Level Annotations

Branches:
Dungeon (5/15)
 Temple: D:4-7

Altars:


Innate Abilities, Weirdness & Mutations

You are immune to sickness and miasma.
Your stone body is resilient. (AC +4)
You are immune to poison.
You resist negative energy. (rN+)
You are resistant to electric shocks. (rElec)
You are resistant to unholy torment.
You are immune to petrification.


Message History

The white imp gestures at you.
The puff of frost hits you but does no damage.
You hit the white imp.
The white imp is severely wounded.
The white imp misses you. The white imp barely misses you.
You hit the white imp.
The white imp is almost dead.
The white imp closely misses you. The white imp gestures at you.
The puff of frost hits you!
You hit the white imp but do no damage.
The white imp is almost dead.
The white imp gestures at you. The puff of frost hits you!
You barely miss the white imp. You punch the white imp.
The white imp is almost dead.
The white imp gestures at you.
The puff of frost hits you but does no damage.
The white imp hits you but does no damage.
You hit the white imp but do no damage.
The white imp is almost dead.
The white imp hits you. The white imp freezes you.
The white imp gestures at you. The puff of frost hits you.
You sock the white imp!
You kill the white imp!
Trog accepts your kill. The ice beast closely misses you.
You hit the ice beast.
The ice beast is lightly wounded.
The ice beast completely misses you.
You barely miss the ice beast.
The ice beast is lightly wounded.
The ice beast misses you.
The ice beast hits you but does no damage.
You hit the ice beast.
The ice beast is lightly wounded.
The ice beast barely misses you. The ice beast hits you.
The ice beast freezes you!
You die...

# .##. .....
......#####
........Y@..#
#.......###.# #.
#.#[... #.#
..#.#### #.#
#.#.### #.#
#.#...## #.#
####......######.#
.................#
.####.....########


You could see an ice beast.

Vanquished Creatures
  An ice beast (D:5)
  An ogre (D:4)
  An orc wizard (D:5)
  4 gnolls (D:4)
  5 adders
  A white imp (D:5)
  An ufetubus (D:5)
  2 worms
  3 dart slugs
  7 orcs
  6 ball pythons
  6 bats
  4 endoplasms
  3 giant cockroaches
  6 goblins
  4 hobgoblins
  A quokka (D:2)
  3 frilled lizards
  2 kobolds (D:3)
  9 rats
70 creatures vanquished.

Notes
Turn   | Place    | Note
-------+----------+-------------------------------------------
     0 | D:1      | KittyFluff the Gargoyle Berserker began the quest for the
                  | Orb.
     0 | D:1      | Reached XP level 1. HP: 14/14 MP: 1/1
    73 | D:1      | Reached XP level 2. HP: 15/19 MP: 2/2
   470 | D:1      | Reached XP level 3. HP: 17/23 MP: 3/3
   705 | D:2      | Reached ** piety under Trog
  1167 | D:2      | Reached XP level 4. HP: 27/29 MP: 4/4
  1187 | D:2      | Identified the +3 leather armour "Oxkuur" {Dex+2}
  1527 | D:3      | Found a faded altar of an unknown god.
  2174 | D:4      | Reached XP level 5. HP: 19/33 MP: 2/5
  2517 | D:4      | Noticed an ogre
  2526 | D:4      | Killed an ogre
  2527 | D:4      | Reached XP level 6. HP: 18/38 MP: 1/6
  2651 | D:5      | Entered Level 5 of the Dungeon
  2734 | D:5      | Noticed an ice beast
  2735 | D:5      | Noticed an ice beast
  2756 | D:5      | Killed an ice beast
  2768 | D:5      | Slain by an ice beast

Illustrated notes

Levels and vault maps discovered:
D:1:      dpeg_arrival_simpleton_a, layout_basic,
          nicolae_concentric_dashed_squares_mild
D:2:      minmay_razor_zed, layout_rooms
D:3:      layout_loops_cross, chequers_ecumenical_altar_simple,
          dk_noncrumbling_3
D:4:      layout_gridville, kennysheep_crisscross
D:5:      layout_loops_ring, nemelex_xobeh_ov_fountains_minmay,
          nicolae_goblin_pals

Skill      XL: |  1  2  3  4  5 |
---------------+----------------+-----
Armour         | 3 4 |  4.7
Dodging        | 2 |  2.6
Maces & Flails | 4 |  4.8
Fighting       | 4 |  4.4

Action                     |  1- 3 |  4- 6 || total
---------------------------+-------+-------++-------
  Melee: Mace              |   100 |   129 ||   229
         Punch             |     2 |     1 ||     3
 Invoke: Berserk           |       |     2 ||     2
    Use: Scroll            |       |     1 ||     1
 Armour: Animal skin       |    39 |     1 ||    40
         Leather armour    |       |    34 ||    34
  Dodge: Dodged            |    68 |   126 ||   194
